 Dungeon Crawl Stone Soup version 0.18.1-50-g88ac8fd (webtiles) character file.

377239 Pyrite the Demonic Aeon (level 21, -5/172 HPs)
             Began as a Demonspawn Fighter on Sept 27, 2016.
             Was the Champion of Cheibriados.
             Slain by Mennas
             ... wielding a +4 eudemon blade of holy wrath
              (17 damage)
             ... on level 2 of the Vaults on Nov 5, 2016.
             The game lasted 03:39:55 (35120 turns).

Pyrite the Demonic Aeon (Demonspawn Fighter)       Turns: 35120, Time: 03:39:55

Health: -5/172     AC: 30    Str: 36    XL:     21   Next: 47%
Magic:  34/34      EV: 29    Int: 27    God:    Cheibriados [******]
Gold:   6697       SH:  0    Dex: 40    Spells: 0 memorised, 20 levels left

rFire  + . .     SeeInvis .     a - +5 eveningstar (freeze)
rCold  x . .     Gourm    .     o - +1 plate armour {MR+}
rNeg   + . .     Faith    .     (no shield)
rPois  +         Spirit   .     U - +2 helmet
rElec  +         Dismiss  .     L - +1 cloak of Exclusion {rElec rPois rC- Slay+5}
rCorr  +         Reflect  .     s - +0 pair of gloves
SustAt .         Harm     +     (boots unavailable)
MR     ++...                    b - amulet of harm
Stlth  ..........               K - ring of the Gastropod {rN+ Str+2 Dex+7}
                                d - +4 ring of slaying

@: marked, glowing, silenced, very slow, very resistant to hostile enchantments,
extremely unstealthy
A: hooves 3, yellow scales 3, demonic guardian 3, fire resistance 1, powered by
death 2, wild magic 1, flame cloud immunity
a: Renounce Religion
}: 3/15 runes: decaying, serpentine, silver


You were on level 2 of the Vaults.
You worshipped Cheibriados.
Cheibriados was exalted by your worship.
You were not hungry.

You visited 6 branches of the dungeon, and saw 38 of its levels.
You visited 1 bazaar.
You also visited: Ossuary.

You collected 7403 gold pieces.
You spent 706 gold pieces at shops.

Inventory:

Hand Weapons
 a - a +5 eveningstar of freezing (weapon)
Missiles
 k - 1108 stones (quivered)
Armour
 o - a +1 plate armour of magic resistance (worn)
 p - a +0 plate armour of magic resistance
 s - a +0 pair of gloves (worn)
 L - the +1 cloak of Exclusion (worn) {rElec rPois rC- Slay+5}
   (You found it on level 7 of the Lair of Beasts)

   It affects your accuracy and damage with ranged weapons and melee attacks
   (+5).
   It makes you vulnerable to cold.
   It insulates you from electricity.
   It protects you from poison.
 U - a +2 helmet (worn)
Jewellery
 b - an amulet of harm (around neck)
 d - a +4 ring of slaying (left hand)
 K - the ring of the Gastropod (right hand) {rN+ Str+2 Dex+7}
   (You found it on level 10 of the Dungeon)

   [ring of positive energy]

   It affects your strength (+2).
   It affects your dexterity (+7).
   It protects you from negative energy.
 W - the ring "Zakkug" {-Tele rPois rC+ rN++ Str+4, unknown}
   (You took it off a deep elf mage on level 5 of the Vaults)

   [ring of protection from cold]

   It affects your strength (+4).
   It protects you from cold.
   It protects you from poison.
   It greatly protects you from negative energy.
   It prevents most forms of teleportation.
 Z - an uncursed ring of see invisible {unknown}
Wands
 e - a wand of disintegration (10/24)
 h - a wand of lightning (6/15)
 j - a wand of flame (21/48)
 r - a wand of polymorph (8/24)
 t - a wand of enslavement (11/24)
 x - a wand of iceblast (6/15)
 y - a wand of slowing (26/48)
 O - a wand of teleportation (5/9)
Scrolls
 i - 18 scrolls of remove curse
 n - 3 scrolls of fear
 u - 36 scrolls of identify
 v - 4 scrolls of fog
 w - 14 scrolls of teleportation
 D - a scroll of acquirement
 G - 10 scrolls of amnesia
 J - 5 scrolls of recharging
 M - 3 scrolls of magic mapping
 R - a scroll of silence
 S - 8 scrolls of enchant weapon
 T - 7 scrolls of enchant armour
 Y - 2 scrolls of brand weapon
Potions
 c - 6 potions of heal wounds
 g - a potion of brilliance
 l - a potion of flight
 z - 4 potions of ambrosia
 B - 5 potions of invisibility
 C - 6 potions of resistance
 E - 15 potions of curing
 F - 8 potions of cancellation
 I - a potion of magic
 N - 4 potions of might
 P - 5 potions of cure mutation
 Q - 5 potions of agility
Books
 A - a book of Power

   Spells                             Type                      Level
   a - Fulminant Prism                Conjuration/Hexes            4
   b - Iskenderun's Mystic Blast      Conjuration                  4
   c - Venom Bolt                     Conjuration/Poison           5
   d - Bolt of Magma                  Conjuration/Fire/Earth       5
   e - Iron Shot                      Conjuration/Earth            6
   f - Orb of Destruction             Conjuration                  7
   g - Spellforged Servitor           Conjuration/Summoning        7
Comestibles
 f - 20 bread rations
 m - 7 beef jerkies
 q - 20 fruits
 H - 23 meat rations
 V - 17 royal jellies
 X - 5 slices of pizza


   Skills:
 + Level 16.4 Fighting
 - Level 17.7 Maces & Flails
 + Level 16.7 Armour
 + Level 16.4 Dodging
   Level 2.6 Shields
 - Level 19.4 Invocations


You had 20 spell levels left.
You didn't know any spells.

Dungeon Overview and Level Annotations

Branches:
Dungeon (15/15)            Temple (0/1) D:6            Lair (8/8) D:11
  Swamp (4/4) Lair:3        Snake (4/4) Lair:4        Slime (0/6) Lair:7
    Orc (2/2) D:12            Elf (0/3) Orc:2        Vaults (5/5) D:13
 Depths (0/5) D:15
  Crypt: Vaults:2-3

Altars:
Ashenzari
Cheibriados
Fedhas
Makhleb
Nemelex Xobeh
Qazlal
Sif Muna
Trog
Yredelemnul
Beogh
Jiyva

Shops:
D:6 *   D:9 ?*}   D:14 (?}   Orc:2 ?!%*?   Vaults:1 (   Vaults:5 [

Annotations:
D:3 1 exclusion
D:14 exclusion: Roxanne, Roxanne
Snake:3 exclusion: oklob plant
Snake:4 Vashnia
Vaults:2 Mennas


Innate Abilities, Weirdness & Mutations

You have hooves in place of feet.
You are completely covered in yellow scales (AC +4, rCorr).
A powerful demonic guardian rushes to your aid.
Your flesh is heat resistant.
You regenerate health from kills.
You are immune to clouds of flame.
Your spells are a little harder to cast, but a little more powerful.


Message History

The white ugly thing completely misses you.
Mennas blocks your balrug's attack.
A white ugly thing comes into view.
Mennas blocks your attack.
You kick Mennas, but do no damage.
Mennas is lightly wounded.
Mennas hits you with an eudemon blade of holy wrath!
* * * LOW HITPOINT WARNING * * *
You convulse!
* * * LOW HITPOINT WARNING * * *
Mennas hits you but does no damage.
The white ugly thing moves out of view.
The white ugly thing basks in the mutagenic energy from its kin and changes!
You impale Mennas!! You freeze Mennas. You kick Mennas, but do no damage.
Mennas is moderately wounded.
Your balrug gestures at Mennas.
Mennas blocks the sticky flame.
The slime creature hits you but does no damage.
Mennas hits you with an eudemon blade of holy wrath!
* * * LOW HITPOINT WARNING * * *
You convulse!
You die...

#.......#..####..###
#.......#...........
#.......'...........
#.......############
#.......#
######u#### #.(...#
#/)uu.# #...A@#
#...2J#######p
#....cc.cOOOO.
....#######cpJc.
..... O.. ..... .
..... ###


You could see Mennas, a yaktaur captain, 3 ugly things, a slime creature, a
yaktaur and a friendly balrug.

Vanquished Creatures
  Mara (Vaults:4)
  the Lernaean hydra (Swamp:4)
  4 golden dragons
  Nikola (Swamp:4)
  Rupert (Lair:3)
  A lich (Vaults:5)
  A tentacled monstrosity (Vaults:5)
  2 titans
  2 quicksilver dragons (Vaults:5)
  4 sphinxes
  A storm dragon (Vaults:5)
  A thorn hunter (Swamp:4)
  2 shadow dragons (Vaults:5)
  7 tengu reavers (Vaults:5)
  Agnes (Snake:2)
  A greater naga (Snake:3)
  6 fire giants
  Maud (Lair:3)
  Donald (Snake:2)
  An iron dragon (Vaults:5)
  A frost giant (Vaults:4)
  Louise (D:14)
  A deep elf sorcerer (Vaults:1)
  7 vault wardens
  7 stone giants
  7 very ugly things
  9 ironheart preservers
  2 deep elf annihilators (Vaults:5)
  A deep elf death mage (Vaults:5)
  32 vault guards
  2 ettins (Vaults:5)
  Josephine (D:15)
  2 great orbs of eyes
  14 yaktaur captains
  3 fire dragons (Vaults:1)
  A deep elf high priest (Vaults:5)
  An ice dragon (Vaults:4)
  21 hydras
  A small abomination (Vaults:5)
  An entropy weaver (Vaults:5)
  16 naga warriors
  Fannar (D:12)
  2 alligators
  A ghost crab (Swamp:2)
  15 anacondas
  8 centaur warriors
  A dancing weapon (Vaults:5)
  7 ogre magi
  A deep troll shaman (Lair:8)
  23 naga sharpshooters
  12 death yaks
  4 shock serpents
  2 deep elf knights
  Urug (Orc:1)
  9 orc high priests (Orc:2)
  A fire crab (shapeshifter) (Vaults:1)
  A shock serpent (shapeshifter) (Vaults:1)
  Sonja (D:15)
  4 spriggan druids
  4 salamander mystics (Snake:4)
  A wizard (D:14)
  3 unseen horrors
  9 deep trolls
  3 sea snakes
  8 swamp dragons
  3 deep elf archers (Vaults:1)
  A giant orange brain (Vaults:3)
  2 shambling mangroves
  14 naga ritualists
  2 phantasmal warriors
  6 hill giants
  6 ironbrand convokers
  11 harpies
  4 lindwurms (Lair:4)
  10 orc knights
  A necromancer (Vaults:4)
  A manticore (D:13)
  9 mana vipers
  13 deep elf magi
  A cyclops (shapeshifter) (Vaults:5)
  8 griffons
  A hornet (shapeshifter) (Vaults:5)
  18 salamanders
  3 wolf spiders
  A wolf spider (shapeshifter) (Vaults:5)
  9 ugly things
  5 cyclopes
  Joseph (D:10)
  The ghost of jujuben the Carver, a novice HEGl of Dithmenos (D:8)
  7 guardian serpents
  2 hornets
  21 elephants
  6 vault sentinels
  39 black mambas
  Psyche (D:8)
  26 naga magi
  A centaur skeleton (D:14)
  22 spiny frogs
  2 gargoyles
  A spiny frog (shapeshifter) (D:13)
  A torpor snail (Lair:4)
  16 komodo dragons
  6 rime drakes
  27 yaktaurs
  A kobold demonologist (Vaults:1)
  3 freezing wraiths
  An efreet (D:15)
  A queen bee (Lair:5)
  A tengu conjurer (D:15)
  2 jumping spiders (Vaults:5)
  2 giant leeches
  4 polar bears
  A merfolk (D:9)
  8 trolls
  Grinder (D:3)
  A wind drake (shapeshifter) (Vaults:1)
  7 bog bodies
  18 slime creatures
  16 two-headed ogres
  A harpy skeleton (D:14)
  12 blink frogs
  4 boulder beetles
  3 redbacks
  6 wraiths
  3 shadows
  64 yaks
  7 spriggans
  A golden eye (shapeshifter) (Vaults:1)
  11 wyverns
  14 basilisks
  16 vampire mosquitoes
  16 hippogriffs
  2 hungry ghosts
  6 insubstantial wisps (Swamp:3)
  2 mottled dragons
  13 wargs
  A soldier ant (D:15)
  15 swamp worms
  60 nagas
  19 water moccasins
  2 hell hounds (D:15)
  14 porcupines
  15 ice beasts
  17 swamp drakes
  38 orc warriors
  2 sky beasts
  A black bear (shapeshifter) (Vaults:1)
  9 black bears
  An eye of draining (D:9)
  8 wasps
  27 ogres
  2 phantoms
  12 wolves
  2 necrophages
  17 crocodiles
  12 centaurs
  3 big kobolds
  14 giant frogs
  A gnoll sergeant (D:12)
  A wyvern zombie (D:14)
  A water moccasin skeleton (D:6)
  7 scorpions
  29 killer bees
  An electric eel (Snake:1)
  13 wights
  A howler monkey (D:5)
  5 crimson imps
  9 hounds
  3 centaur zombies
  A jelly (D:7)
  39 orc priests
  A gnoll shaman (D:9)
  19 orc wizards
  A human simulacrum (Vaults:1)
  6 iguanas
  A giant frog skeleton (D:13)
  Jessica (D:3)
  13 worker ants
  20 sheep
  2 killer bee zombies
  2 hound zombies (D:11)
  13 mummies (Ossuary)
  3 hound skeletons
  A worker ant zombie (D:5)
  Robin (D:3)
  9 gnolls
  A howler monkey skeleton (D:5)
  10 adders
  53 river rats
  7 shadow imps
  5 oozes
  An adder skeleton (D:4)
  3 worms
  3 dart slugs
  12 giant geckos
  130 orcs
  9 bats
  5 giant cockroaches
  15 goblins
  9 hobgoblins
  34 jackals
  18 kobolds
  5 quokkas
  5 ball pythons
  6 giant newts
  2 gnoll skeletons (Ossuary)
  4 goblin skeletons (Ossuary)
  2 orc skeletons (Ossuary)
  A quokka zombie (D:6)
  10 rats
  11 rat skeletons (Ossuary)
  A crawling corpse (Vaults:5)
  A fungus (Lair:7)
  A plant (Swamp:4)
1709 creatures vanquished.

Vanquished Creatures (collateral kills)
  Saint Roka (Vaults:4)
  A golden dragon (Vaults:1)
  The ghost of
  1158511 the Thaumaturge, an adept DsCj of Sif Muna (Swamp:4)
  A shadow dragon (Vaults:5)
  A greater naga (Snake:4)
  A deep elf sorcerer (Vaults:5)
  2 vault wardens (Vaults:5)
  A stone giant (Vaults:5)
  2 vault guards
  A fire dragon (Vaults:1)
  A yaktaur captain (Vaults:1)
  A hydra (D:13)
  A naga warrior (Snake:4)
  2 anacondas
  A catoblepas (Lair:8)
  A death knight (Vaults:4)
  4 death yaks (Lair:7)
  2 salamander mystics
  2 deep elf archers (Vaults:1)
  2 naga ritualists (Snake:4)
  A harpy (Vaults:2)
  An ironbrand convoker (Vaults:5)
  A salamander (Snake:3)
  A mana viper (Snake:4)
  An elephant (Lair:8)
  A vault sentinel (Vaults:1)
  2 naga magi
  2 black mambas
  A spiny frog (Swamp:4)
  A freezing wraith (Vaults:4)
  A yaktaur (Vaults:5)
  A troll (D:9)
  A polar bear (Lair:2)
  4 bog bodies (Swamp:4)
  2 blink frogs
  A wyvern (D:8)
  2 yaks
  A basilisk (Lair:4)
  2 vampire mosquitoes (Swamp:4)
  5 nagas
  A water moccasin (Snake:4)
  An orc warrior (Vaults:4)
  A giant frog (Lair:7)
  A wight (D:14)
  A crimson imp (D:5)
  An orc priest (Vaults:4)
  An orc wizard (D:11)
  A sheep (Lair:2)
  An adder (Snake:4)
  A river rat (Lair:2)
  A jackal (D:5)
  2 kobolds (D:7)
  A crawling corpse (Vaults:5)
  A fungus (Lair:6)
76 creatures vanquished.

Vanquished Creatures (others)
  A tengu reaver (Vaults:5)
  2 ogre magi
  13 fungi
  3 plants
19 creatures vanquished.

Grand Total: 1804 creatures vanquished

Notes
Turn   | Place    | Note
--------------------------------------------------------------
     0 | D:1      | Pyrite the Demonspawn Fighter began the quest for the Orb.
     0 | D:1      | Reached XP level 1. HP: 18/18 MP: 1/1
   146 | D:1      | Gained mutation: You are partially covered in yellow scales (AC +2). [demonic ancestry]
   146 | D:1      | Reached XP level 2. HP: 23/24 MP: 2/2
   716 | D:1      | Gained mutation: You have large cloven feet. [demonic ancestry]
   716 | D:1      | Reached XP level 3. HP: 29/29 MP: 3/3
  1605 | D:2      | Reached XP level 4. HP: 35/35 MP: 4/4
  2032 | D:3      | Noticed Robin
  2221 | D:3      | Killed Robin
  2642 | D:3      | Noticed Jessica
  2650 | D:3      | Killed Jessica
  2650 | D:3      | Reached skill level 5 in Maces & Flails
  2650 | D:3      | Gained mutation: You regenerate a little health from kills. [demonic ancestry]
  2650 | D:3      | Reached XP level 5. HP: 32/41 MP: 5/5
  2869 | D:3      | Noticed Grinder
  2869 | D:3      | Paralysed by Grinder for 5 turns
  2880 | D:3      | Paralysed by Grinder for 6 turns
  2903 | D:3      | Killed Grinder
  2903 | D:3      | Gained mutation: A weak demonic guardian rushes to your aid. [demonic ancestry]
  2903 | D:3      | Reached XP level 6. HP: 7/47 MP: 6/6
  3055 | D:4      | Found a sand-covered staircase.
  3081 | Ossuary  | Entered an ossuary
  3342 | Ossuary  | Gained mutation: You have hoof-like feet. [demonic ancestry]
  3342 | Ossuary  | Reached XP level 7. HP: 52/52 MP: 7/7
  4277 | D:5      | Entered Level 5 of the Dungeon
  4684 | D:5      | Gained mutation: You are mostly covered in yellow scales (AC +3). [demonic ancestry]
  4684 | D:5      | Reached XP level 8. HP: 51/58 MP: 8/8
  4995 | D:5      | Found a sparkling altar of Nemelex Xobeh.
  4998 | D:5      | Found a snail-covered altar of Cheibriados.
  5006 | D:5      | Found a basalt altar of Yredelemnul.
  5011 | D:5      | Found a blossoming altar of Fedhas.
  5020 | D:5      | Became a worshipper of Cheibriados the Contemplative
  5348 | D:6      | Found a staircase to the Ecumenical Temple.
  5426 | D:6      | Reached skill level 10 in Maces & Flails
  5450 | D:6      | Found Jaukeih's Assorted Antiques.
  5461 | D:6      | Reached * piety under Cheibriados
  5998 | D:7      | Found a burning altar of Makhleb.
  6141 | D:7      | Reached XP level 9. HP: 42/63 MP: 9/9
  6295 | D:7      | Reached skill level 1 in Invocations
  6517 | D:8      | Reached ** piety under Cheibriados
  6565 | D:8      | Reached skill level 2 in Invocations
  6885 | D:8      | Noticed jujuben's ghost (novice HEGl)
  6909 | D:8      | Killed jujuben's ghost
  6909 | D:8      | Reached skill level 3 in Invocations
  6988 | D:8      | Found a burning altar of Makhleb.
  7072 | D:8      | Noticed Psyche
  7092 | D:8      | Killed Psyche
  7092 | D:8      | Reached skill level 4 in Invocations
  7267 | D:8      | Found a shattered altar of Ashenzari.
  7275 | D:8      | Reached skill level 5 in Invocations
  7782 | D:9      | Found Uduut's Gadget Emporium.
  7793 | D:9      | Reached *** piety under Cheibriados
  7823 | D:9      | Noticed a troll
  7834 | D:9      | Killed a troll
  7834 | D:9      | Reached XP level 10. HP: 28/70 MP: 14/14
  7880 | D:9      | Found Jon Bome's Magic Scroll Shoppe.
  7893 | D:9      | Reached skill level 6 in Invocations
  7915 | D:9      | Bought a scroll of enchant weapon for 112 gold pieces
  7915 | D:9      | Bought a scroll of remove curse for 45 gold pieces
  8166 | D:9      | Found Oray's General Store.
  8169 | D:9      | Bought a scroll of vulnerability for 112 gold pieces
  8472 | D:9      | Reached **** piety under Cheibriados
  8533 | D:9      | Reached skill level 7 in Invocations
  8718 | D:10     | Entered Level 10 of the Dungeon
  8721 | D:10     | Noticed Joseph
  8736 | D:10     | Killed Joseph
  8736 | D:10     | Reached skill level 8 in Invocations
  8834 | D:10     | Killed an unseen horror
  9027 | D:10     | Got a scintillating steel ring
  9035 | D:10     | Identified the ring of the Gastropod {rN+ Str+2 Dex+7} (You found it on level 10 of the Dungeon)
  9336 | D:10     | Found a stormy altar of Qazlal.
  9404 | D:11     | Reached ***** piety under Cheibriados
  9464 | D:11     | Reached skill level 9 in Invocations
  9580 | D:11     | Noticed a cyclops
  9587 | D:11     | Killed a cyclops
  9587 | D:11     | Gained mutation: You have hooves in place of feet. [demonic ancestry]
  9587 | D:11     | Reached XP level 11. HP: 75/75 MP: 17/17
  9697 | D:11     | Found a staircase to the Lair.
  9744 | D:11     | Noticed a hill giant
  9752 | D:11     | Killed a hill giant
  9752 | D:11     | Reached skill level 1 in Dodging
 10076 | D:11     | Noticed a hill giant
 10085 | D:11     | Killed a hill giant
 10142 | Lair:1   | Entered Level 1 of the Lair of Beasts
 10207 | Lair:1   | Found a labyrinth entrance.
 10225 | Lair:1   | Gained mutation: Your spells are a little harder to cast, but a little more powerful. [potion of beneficial mutation]
 10472 | Lair:1   | Reached ****** piety under Cheibriados
 10534 | Lair:1   | Reached skill level 5 in Armour
 11024 | Lair:1   | Reached skill level 5 in Dodging
 11450 | Lair:2   | Identified a scroll of acquirement
 11605 | Lair:2   | Reached XP level 12. HP: 64/81 MP: 19/19
 12275 | Lair:3   | Found a staircase to the Swamp.
 12414 | Lair:3   | Noticed Rupert
 12438 | Lair:3   | Killed Rupert
 12769 | Lair:3   | Noticed Maud
 12786 | Lair:3   | Killed Maud
 13440 | Lair:4   | Noticed a six-headed hydra
 13445 | Lair:4   | Killed a six-headed hydra
 13461 | Lair:4   | Found a staircase to the Snake Pit.
 13641 | Lair:4   | Reached skill level 15 in Maces & Flails
 13884 | Lair:4   | Reached XP level 13. HP: 86/86 MP: 20/20
 15614 | Lair:7   | Gained mutation: A demonic guardian rushes to your aid. [demonic ancestry]
 15614 | Lair:7   | Reached XP level 14. HP: 77/93 MP: 21/21
 15721 | Lair:7   | Found a staircase to the Slime Pits.
 15721 | Lair:7   | Found a viscous altar of Jiyva.
 15962 | Lair:7   | Got a shimmering cloak
 15973 | Lair:7   | Identified the +1 cloak of Exclusion {rElec rPois rC- Slay+5} (You found it on level 7 of the Lair of Beasts)
 16581 | Lair:8   | Entered Level 8 of the Lair of Beasts
 16735 | Lair:8   | Reached skill level 5 in Fighting
 17741 | D:12     | Noticed Fannar
 18137 | D:12     | Found a staircase to the Orcish Mines.
 18175 | D:12     | Found a roughly hewn altar of Beogh.
 18185 | D:12     | Reached skill level 10 in Armour
 18345 | D:12     | Killed Fannar
 18361 | Orc:1    | Entered Level 1 of the Orcish Mines
 18364 | Orc:1    | Noticed a stone giant
 18369 | Orc:1    | Killed a stone giant
 18505 | Orc:1    | Noticed Urug
 18513 | Orc:1    | Killed Urug
 18513 | Orc:1    | Gained mutation: A powerful demonic guardian rushes to your aid. [demonic ancestry]
 18513 | Orc:1    | Reached XP level 15. HP: 98/108 MP: 22/22
 18573 | Orc:1    | Found a burning altar of Makhleb.
 18745 | Orc:2    | Entered Level 2 of the Orcish Mines
 18745 | Orc:2    | Found a staircase to the Elven Halls.
 18894 | Orc:2    | Found Ynioh's Magic Scroll Boutique.
 18922 | Orc:2    | Bought a scroll of identify for 20 gold pieces
 18922 | Orc:2    | Bought a scroll of identify for 20 gold pieces
 18922 | Orc:2    | Bought a scroll of enchant weapon for 75 gold pieces
 18922 | Orc:2    | Bought a scroll of enchant armour for 75 gold pieces
 19098 | Orc:2    | Found a roughly hewn altar of Beogh.
 19118 | Orc:2    | Found Caol's Magic Scroll Shoppe.
 19118 | Orc:2    | Found Xenais's Distillery.
 19182 | Orc:2    | Bought a potion of heal wounds for 65 gold pieces
 19182 | Orc:2    | Bought a potion of heal wounds for 65 gold pieces
 19182 | Orc:2    | Bought a potion of heal wounds for 65 gold pieces
 19182 | Orc:2    | Bought a potion of might for 52 gold pieces
 19302 | Orc:2    | Found Eppav's Food Shoppe.
 19307 | Orc:2    | Reached skill level 10 in Dodging
 19307 | Orc:2    | Found Ziariynk's Assorted Antiques.
 20513 | D:13     | Found a gate to the Vaults.
 21255 | D:14     | Noticed Louise
 21271 | D:14     | Killed Louise
 21332 | D:14     | Found Maif's Gadget Shop.
 21454 | D:14     | Noticed Roxanne
 21515 | D:14     | Found Ussypn's Weapon Boutique.
 21670 | D:14     | Found Wanithoh's Magic Scroll Shop.
 21835 | D:15     | Entered Level 15 of the Dungeon
 22256 | D:15     | Noticed Sonja
 22274 | D:15     | Killed Sonja
 22274 | D:15     | Gained mutation: Your flesh is heat resistant. [demonic ancestry]
 22274 | D:15     | Reached XP level 16. HP: 83/122 MP: 23/23
 22385 | D:15     | Reached skill level 10 in Fighting
 22389 | D:15     | Noticed Josephine
 22396 | D:15     | Killed Josephine
 22532 | D:15     | Found a staircase to the Depths.
 22568 | D:15     | Found a deep blue altar of Sif Muna.
 23111 | Snake:1  | Entered Level 1 of the Snake Pit
 23150 | Snake:1  | Found a gateway to a bazaar.
 23185 | Bazaar   | Entered a bazaar
 23224 | Bazaar   | Found Jiocw's Armour Boutique.
 23224 | Bazaar   | Found Zuhef's Food Shop.
 23249 | Bazaar   | Found Gonuelim's Distillery.
 23249 | Bazaar   | Found Soun's Armour Boutique.
 23646 | Snake:1  | Got a jewelled great mace {holy}
 24050 | Snake:2  | Noticed Donald
 24061 | Snake:2  | Killed Donald
 24134 | Snake:2  | Noticed Agnes
 24137 | Snake:2  | Killed Agnes
 25170 | Snake:3  | Found a bloodstained altar of Trog.
 25252 | Snake:3  | Reached XP level 17. HP: 127/133 MP: 24/24
 26043 | Snake:4  | Entered Level 4 of the Snake Pit
 26359 | Snake:4  | Reached skill level 10 in Invocations
 26402 | Snake:4  | Noticed Vashnia
 26404 | Snake:4  | Reached skill level 11 in Invocations
 26539 | Snake:4  | Reached skill level 12 in Invocations
 27146 | Snake:4  | Reached skill level 13 in Invocations
 27288 | Snake:4  | Reached skill level 14 in Invocations
 27289 | Snake:4  | Reached XP level 18. HP: 96/142 MP: 25/28
 27383 | Snake:4  | Got a serpentine rune of Zot
 27597 | Swamp:1  | Entered Level 1 of the Swamp
 27699 | Swamp:1  | Reached skill level 15 in Invocations
 28817 | Swamp:3  | Reached skill level 16 in Invocations
 29461 | Swamp:4  | Entered Level 4 of the Swamp
 29480 | Swamp:4  | Noticed 1158511's ghost (adept DsCj)
 29500 | Swamp:4  | Killed 1158511's ghost
 29508 | Swamp:4  | Reached skill level 17 in Invocations
 29647 | Swamp:4  | Reached skill level 18 in Invocations
 29650 | Swamp:4  | Noticed Nikola
 29655 | Swamp:4  | Killed Nikola
 30022 | Swamp:4  | Noticed the 27-headed Lernaean hydra
 30338 | Swamp:4  | Killed the 27-headed Lernaean hydra
 30345 | Swamp:4  | Got a decaying rune of Zot
 30682 | Vaults:1 | Entered Level 1 of the Vaults
 30705 | Vaults:1 | Reached skill level 19 in Invocations
 31322 | Vaults:1 | Gained mutation: You are completely covered in yellow scales (AC +4, rCorr). [demonic ancestry]
 31322 | Vaults:1 | Reached XP level 19. HP: 138/148 MP: 32/32
 31552 | Vaults:1 | Found Caofriti's Antique Weapon Shop.
 32146 | Vaults:1 | Noticed a golden dragon
 32157 | Vaults:1 | Noticed a golden dragon
 32176 | Vaults:1 | Killed a golden dragon
 32178 | Vaults:1 | Killed a golden dragon
 32633 | Vaults:4 | Noticed Mara
 32634 | Vaults:4 | Noticed Pyrite's illusion
 32640 | Vaults:4 | Killed Mara
 32896 | Vaults:4 | Reached skill level 15 in Armour
 33021 | Vaults:4 | Noticed Saint Roka
 33039 | Vaults:4 | Killed Saint Roka
 33039 | Vaults:4 | Gained mutation: You regenerate health from kills. [demonic ancestry]
 33039 | Vaults:4 | Reached XP level 20. HP: 45/160 MP: 33/33
 33673 | Vaults:5 | Entered Level 5 of the Vaults
 33678 | Vaults:5 | Reached skill level 15 in Dodging
 33721 | Vaults:5 | Reached skill level 15 in Fighting
 34230 | Vaults:5 | Noticed a golden dragon
 34235 | Vaults:5 | Killed a golden dragon
 34375 | Vaults:5 | Noticed a golden dragon
 34379 | Vaults:5 | Killed a golden dragon
 34466 | Vaults:5 | Gained mutation: You are immune to clouds of flame. [demonic ancestry]
 34466 | Vaults:5 | Reached XP level 21. HP: 169/170 MP: 34/34
 34488 | Vaults:5 | Found Sagekhis's Antique Armour Shop.
 34492 | Vaults:5 | Noticed a golden dragon
 34498 | Vaults:5 | Killed a golden dragon
 34739 | Vaults:5 | Got an ancient amber ring
 35020 | Vaults:5 | Got a silver rune of Zot
 35113 | Vaults:2 | Noticed Mennas
 35120 | Vaults:2 | Slain by Mennas

Skill      XL: |  1  2  3  4  5  6  7  8  9 10 11 12 13 14 15 16 17 18 19 20 21 |
---------------+----------------------------------------------------------------+-----
Maces & Flails | 2 3 5 6 7 8 10 12 13 14 15 17 | 17.7
Invocations    | 5 9 14 19 | 19.4
Armour         | 6 8 10 11 13 15 16 | 16.7
Dodging        | 5 7 9 11 12 13 14 15 16 | 16.4
Fighting       | 7 9 11 12 14 15 16 | 16.4
Shields        | |  2.6

Action                   |  1- 3 |  4- 6 |  7- 9 | 10-12 | 13-15 | 16-18 | 19-21 || total
-------------------------+-------+-------+-------+-------+-------+-------+-------++-------
Melee: Flail             |   155 |   278 |   635 |   309 |       |       |       ||  1377
       Kick              |    21 |    76 |   214 |   393 |   446 |   421 |   367 ||  1938
       Dire flail        |       |       |       |   302 |       |       |       ||   302
       Great mace        |       |       |       |   107 |   280 |       |       ||   387
       Eveningstar       |       |       |       |       |   686 |   908 |   671 ||  2265
Throw: Stone             |     1 |     1 |     1 |       |       |       |       ||     3
Invok: Bend Time         |       |       |     1 |       |       |       |       ||     1
       Slouch            |       |       |       |     1 |     2 |    13 |     7 ||    23
       Step From Time    |       |       |       |       |       |       |     2 ||     2
  Use: Potion            |       |     1 |     3 |     3 |     1 |     5 |     2 ||    15
       Scroll            |       |     2 |     9 |    22 |     9 |     6 |     1 ||    49
 Stab: Distracted        |       |       |       |     6 |     2 |     1 |     6 ||    15
       Confused          |       |       |       |       |     1 |       |       ||     1
  Eat: Chunk             |     2 |     5 |    12 |     6 |    14 |    12 |     6 ||    57
       Royal jelly       |       |     1 |       |       |       |       |       ||     1
       Bread ration      |       |       |       |     2 |       |     2 |     1 ||     5
       Beef jerky        |       |       |       |       |     1 |       |       ||     1
Armor: Scale mail        |    70 |   110 |   282 |    41 |       |       |       ||   503
       Plate armour      |       |       |       |   229 |   357 |   450 |   288 ||  1324
Dodge: Dodged            |    30 |    78 |   170 |   314 |   876 |  1239 |   977 ||  3684
Block: Shield            |    80 |   122 |   317 |   116 |       |       |       ||   635
